 Dungeon Crawl Stone Soup version 0.29-a0-330-g52719c12eb (webtiles) character file.

Game seed: 2057392051685056299

62 spiderkeys the Ducker (level 3, -2/18 HPs)
             Began as a Felid Abyssal Knight on Apr 13, 2022.
             Was a Priest of Lugonu.
             Slain by Grinder (4 damage)
             ... on level 3 of the Dungeon.
             The game lasted 00:05:36 (3761 turns).

spiderkeys the Ducker (Felid Abyssal Knight)        Turns: 3761, Time: 00:05:38

Health: -2/18      AC:  1    Str:  9    XL:     3   Next: 85%
Magic:  5/5        EV: 19    Int: 11    God:    Lugonu [***...]
Gold:   152        SH:  0    Dex: 18    Spells: 0/2 levels left
                                        Lives:  0   Deaths: 1

rFire   . . .      SeeInvis +     - Unarmed
rCold   . . .      Faith    .   (shield unavailable)
rNeg    . . .      Spirit   .   (body armour unavailable)
rPois   .          Reflect  .   (helmet unavailable)
rElec   .          Harm     .   (cloak unavailable)
rCorr   .          Rampage  .   (gloves unavailable)
Will    .....                   (boots unavailable)
Stlth   ++........              A - amulet of the acrobat
HPRegen 0.06/turn               (no ring)
MPRegen 0.09/turn               (no ring)

@: quick
A: very small, claws 1, fangs 3, see invisible, speed 1, shaggy fur 1, stealthy
paws, no weapons or thrown items, no armour, multi-lived
a: Renounce Religion, Depart the Abyss, Bend Space, Banish


You were on level 3 of the Dungeon.
You worshipped Lugonu.
Lugonu was most pleased with you.
You visited 1 branch of the dungeon, and saw 3 of its levels.
You visited the Abyss 1 time.

You collected 152 gold pieces.


Innate Abilities, Weirdness & Mutations

You have sharp claws.
You have razor-sharp teeth.
You have supernaturally acute eyesight. (SInv)
You cover ground quickly. (Speed+)
You are covered in fur. (AC +1)
Your paws help you pounce on unaware monsters.
You are incapable of wielding weapons or throwing items.
You cannot wear armour.
You gain extra lives every three experience levels.


   Skills:
 + Level 3.7 Fighting
 + Level 4.3 Dodging
 + Level 3.0 Stealth
 + Level 2.9 Unarmed Combat
 + Level 0.4 Spellcasting
 - Level 2.0 Invocations


You couldn't memorise any spells.
You knew the following spells:

 Your Spells              Type           Power      Damage    Failure   Level
s - Stone Arrow           Conj/Erth      0%         3d7       71%         3

Your spell library contained the following spells:

 Spells                   Type           Power      Damage    Failure   Level
 Sandblast                Erth           0%         2d4       34%         1
 Passwall                 Tmut/Erth      0%         N/A       45%         2
 Lehudib's Crystal Spear  Conj/Erth      0%         10d2      100%        8
 Animate Armour           Summ/Erth      Unusable   N/A       N/A         4

Inventory:

Jewellery
 A - an amulet of the acrobat (around neck)
   (You found it on level 2 of the Dungeon)
Scrolls
 a - a scroll of enchant armour
 b - a scroll of brand weapon {unknown}
 d - a scroll of immolation {!r!r}
 e - a scroll of torment {unknown}
 f - a scroll of identify {@r1}
Potions
 c - a potion of flight {unknown}
 g - a potion of brilliance {unknown}

Dungeon Overview and Level Annotations

Branches:
Dungeon (3/15)

Altars:
Xom

Annotations:
D:3 Grinder, Natasha, Robin

### ..# .. ...#
...######...#..
........'......
......5@# ### #######.#
..# ..#.# ### #.#.# ..#
### ..#.#
###.#####.####.#.#
...............#.#
######....####.#.####.#
.##.##..................
....


You could see Grinder.


Message History

๐Ÿ˜Ž HP[+7]
Your hp is fully restored (21).
You climb downwards.
Level annotation: Natasha, Robin The orc misses you.
There is a stone staircase leading up here.
You scratch the orc but do no damage.
The orc hits you with a +0 hand axe. ๐Ÿ˜• HP[-2]
You take 2 damage, and now have 19/21 hp.
You scratch the orc. The orc misses you.
You scratch the orc but do no damage. The orc misses you.
Natasha mumbles some strange words.
You scratch the orc.
You kill the orc!
Lugonu accepts your kill. ๐Ÿ˜• HP[+1]
You now have 22 max hp (+1).
You scratch Natasha. Natasha misses you.
You scratch Natasha. Natasha closely misses you.
You closely miss Natasha.
Natasha stares at you and mumbles some strange words.
You feel yourself slow down.
You closely miss Natasha. Your bite misses Natasha. Natasha misses you.
You scratch Natasha.
Natasha drinks a potion.
Natasha is healed!
You scratch Natasha. Natasha barely misses you. Natasha claws you. ๐Ÿ˜ฎ HP[-4]
You take 4 damage, and now have 16/22 hp.
You scratch Natasha. You bite Natasha. Natasha closely misses you.
You scratch Natasha.
Natasha casts a spell.
Natasha completely misses you. ๐Ÿ˜• HP[+1]
You closely miss Natasha. Your bite misses Natasha.
Natasha wildly gestures.
Natasha glows brightly for a moment.
Natasha misses you.
You scratch Natasha. Natasha misses you.
The crimson imp blinks!
You barely miss Natasha.
The white imp disappears in a puff of smoke!
Natasha claws you.
* * * LOW HITPOINT WARNING * * *
Natasha completely misses you. ๐Ÿ˜จ HP[-6]
You take 6 damage, and now have 11/22 hp.
MASSIVE DAMAGE!! (PAUSE)
You scratch Natasha. Your claw misses Natasha. Your bite misses Natasha.
Natasha misses you.
You scratch Natasha but do no damage.
You feel yourself speed up. Natasha claws you!
* * * LOW HITPOINT WARNING * * *
Natasha barely misses you. ๐Ÿ˜ฑ HP[-7]
You take 7 damage, and now have 4/22 hp.
MASSIVE DAMAGE!! (PAUSE) Unknown command.
You scratch Natasha but do no damage. Natasha claws you!
You die...
You are now level 3!
You rejoin the land of the living... ๐Ÿ˜Ž HP[+14] MP[-1]
You now have 18 max hp (-4).
Your hp is fully restored (18).
Found a stone staircase leading down.
No target in view!
You now have 144 gold pieces (gained 10).
g - a brown potion Key pressed, stopping explore.
You now have 152 gold pieces (gained 8).
Items here: )) รท โ€ .
No target in view!
An adder comes into view.
The adder hisses angrily.
You hear a shout!
You scratch the adder. You bite the adder. The adder misses you.
Grinder comes into view.
You scratch the adder.
You kill the adder!
Lugonu accepts your kill.
Your Stealth skill increases to level 3!
You scratch Grinder. You closely miss Grinder. Grinder hits you!
Ouch! That really hurt!
* * * LOW HITPOINT WARNING * * *
๐Ÿ˜จ HP[-10]
You take 10 damage, and now have 8/18 hp.
MASSIVE DAMAGE!! (PAUSE)
You scratch Grinder.
Grinder blinks!
A giant cockroach comes into view.
Grinder says, "Don't move a muscle."
Grinder gestures at you. Pain shoots through your body!
* * * LOW HITPOINT WARNING * * *
๐Ÿ˜ฑ HP[-6]
You take 6 damage, and now have 2/18 hp.
MASSIVE DAMAGE!! (PAUSE)
You closely miss Grinder. Grinder closely misses you.
You closely miss Grinder. Grinder barely misses you.
You scratch Grinder but do no damage. Grinder hits you.
You die...

Skill      XL: |  1  2  3 |
---------------+----------+-----
Stealth        | 1 3 |  3.0
Invocations    | 2 |  2.0
Dodging        | 4 |  4.3
Fighting       | |  3.7
Unarmed Combat | |  2.9
Spellcasting   | |  0.4

Action                   |  1- 3 |  4- 6 || total
-------------------------+-------+-------++-------
Melee: Unarmed           |   149 |    83 ||   232
       Punch             |     4 |     1 ||     5
       Bite              |    10 |     4 ||    14
  Use: Scroll            |     2 |       ||     2
       Potion            |     1 |       ||     1
 Stab: Sleeping          |     4 |     3 ||     7
Armor: Skin              |     4 |     9 ||    13
Dodge: Dodged            |   115 |    97 ||   212

Levels and vault maps discovered:
D:1:      kennysheep_arrival_forest, layout_loops_ring,
          hellmonk_ecumenical_altar_blasted, chequers_serial_rivers_small_3,
          st_stairs_9
D:2:      layout_basic, basic_altar, amcnicky_mini_corridor_feature
D:3:      layout_basic, serial_aquarium, aquarium_bridge_island_small
          [aquarium_subvault_small_open, aquarium_subvault_window,
          aquarium_subvault_bridge, aquarium_subvault_bridge,
          aquarium_subvault_wall], aquarium_bridge_straight
          [aquarium_subvault_bridge, aquarium_subvault_wall,
          aquarium_subvault_bridge, aquarium_subvault_balcony],
          aquarium_window_1, aquarium_window_2, aquarium_view_2f,
          aquarium_view_2f, aquarium_balcony_5b, aquarium_pool_four,
          uniq_natasha, uniq_grinder, uniq_robin, uniq_terence

Notes
Turn   | Place    | Note
-------+----------+-------------------------------------------
     0 | Abyss:1  | spiderkeys the Felid Abyssal Knight began the quest for the
                  | Orb.
     0 | Abyss:1  | Reached XP level 1. HP: 10/10 MP: 3/3
     0 | Abyss:1  | magus.rc [v1.11.3]
    28 | D:1      | You pass through the gate.
    28 | D:1      | Escaped the Abyss
   306 | D:1      | Reached skill level 1 in Stealth
   306 | D:1      | Reached skill level 2 in Invocations
   306 | D:1      | Reached XP level 2. HP: 14/14 MP: 4/4
   767 | D:1      | Reached *** piety under Lugonu
   770 | D:1      | HP: 3/14 [dart slug/slug dart (2)]
  1135 | D:1      | Reached XP level 3. HP: 17/17 MP: 5/5
  1163 | D:1      | Found a faded altar of an unknown god.
  1570 | D:1      | Reached skill level 2 in Stealth
  2074 | D:2      | HP: 4/17 [poisoned by an adder]
  2077 | D:2      | Reached skill level 4 in Dodging
  2078 | D:2      | HP: 1/17 [poisoned by an adder]
  2287 | D:2      | Found a shimmering altar of Xom.
  2450 | D:2      | Reached XP level 4. HP: 21/21 MP: 6/6
  2515 | D:2      | HP: 5/21 [bat (1)]
  2518 | D:2      | HP: 2/21 [constriction (1)]
  2830 | D:2      | You pick up a book of Geomancy and begin reading...
  2830 | D:2      | You add the spells Sandblast, Passwall and Stone Arrow to
                  | your library.
  2837 | D:2      | You pick up a book of Armaments and begin reading...
  2842 | D:2      | Learned a level 3 spell: Stone Arrow
  3217 | D:3      | Noticed Robin
  3529 | D:3      | Noticed Natasha
  3662 | D:3      | HP: 4/22 [Natasha (7)]
  3663 | D:3      | Slain by Natasha
  3664 | D:3      | Reached XP level 3. HP: -4/18 MP: 5/5
  3752 | D:3      | Noticed Grinder
  3754 | D:3      | Reached skill level 3 in Stealth
  3758 | D:3      | HP: 2/18 [Grinder/nerve-wracking pain (6)]
  3761 | D:3      | Slain by Grinder

Vanquished Creatures
  5 adders
  2 worms (D:2)
  2 dart slugs
  An orc (D:3)
  6 bats
  3 endoplasms
  3 giant cockroaches
  8 goblins
  9 hobgoblins
  A jackal (D:1)
  3 kobolds
  2 quokkas (D:1)
  10 ball pythons
  3 frilled lizards
  4 rats
62 creatures vanquished.

Table legend:
 A = Non-vault XP
 B = Vault XP
 C = Vault XP percentage of total XP
 D = Non-vault monster count
 E = Vault monster count
 F = Vault count percentage of total count
                 A         B        C        D         E       F
            +---------+---------+-------+---------+---------+-------
      Total |     157 |      15 |   8.7 |      53 |       9 |  14.5
            +---------+---------+-------+---------+---------+-------
        D:1 |      47 |       4 |   7.8 |      26 |       3 |  10.3
        D:2 |      76 |       0 |   0.0 |      21 |       0 |   0.0
        D:3 |      34 |      11 |  24.4 |       6 |       6 |  50.0
            +---------+---------+-------+---------+---------+-------

Illustrated notes

Table legend:
 A = Kills in this place as a percentage of kills in entire the game.
 B = Kills by you in this place as a percentage of kills by you in the entire game.
 C = Kills by friends in this place as a percentage of kills by friends in the entire game.
 D = Other kills in this place as a percentage of other kills in the entire game.
 E = Experience gained in this place as a percentage of experience gained in the entire game.
 F = Experience gained in this place divided by the number of levels of this place that you have seen.
                   A       B       C       D       E      F
               +-------+-------+-------+-------+-------+----------------------
         Total | 100.0 | 100.0 |   N/A |   N/A | 100.0 |  43.0
       Dungeon | 100.0 | 100.0 |   N/A |   N/A | 100.0 |  57.3
               +-------+-------+-------+-------+-------+----------------------

Table legend: (Time is in decaauts)
 A = Elapsed time spent in this place.
 B = Non-inter-level travel time spent in this place.
 C = Inter-level travel time spent in this place.
 D = Time resting spent in this place.
 E = Time spent auto-exploring this place.
 F = Levels seen in this place.
 G = Mean time per level.
                   A        B        C        D        E       F      G
               +--------+--------+--------+--------+--------+-----+--------+
         Total |   3457 |   3420 |     37 |    999 |   1870 |   4 |  864.2 |
       Dungeon |   3434 |   3397 |     37 |    999 |   1853 |   3 | 1144.7 |
         Abyss |     22 |     22 |      0 |      0 |     17 |   1 |   22.0 |
               +--------+--------+--------+--------+--------+-----+--------+

Top non-repeatable levels by time:
     D:1: 1593 daAuts
     D:2: 1549 daAuts
     D:3: 292 daAuts
 Abyss:1: 22 daAuts
